 Dungeon Crawl Stone Soup version 0.32-a0-473-gd044c6f0f0 (webtiles) character file.

Game seed: 16603870289537218626

127 Dordric the Cudgeller (level 4, -1/37 HPs)
             Began as a Mountain Dwarf Reaver on Feb 25, 2024.
             Incinerated by a bombardier beetle (4 damage)
             ... with a burning spray
             ... on level 4 of the Dungeon.
             The game lasted 00:02:05 (2506 turns).

Dordric the Cudgeller (Mountain Dwarf Reaver)       Turns: 2506, Time: 00:02:05

Health: -1/37      AC:  6    Str: 17    XL:     4   Next: 85%
Magic:  7/7        EV: 11    Int: 13    God:
Gold:   140        SH:  0    Dex: 11    Spells: 6/7 levels left

rFire   . . .        a - +0 mace
rCold   . . .        (no shield)
rNeg    . . .        k - +0 ring mail
rPois   .            (no helmet)
rElec   .            (no cloak)
rCorr   .            n - +0 pair of fencer's gloves {Riposte Dex+3}
SInv    .            (no boots)
Will    .....        (no amulet) Stlth
                     (no ring)
HPRegen 0.26/turn    (no ring)
MPRegen 0.10/turn

%: no passive effects
@: on fire, glowing
A: runic magic, artefact enchanting
a: no special abilities


You were on level 4 of the Dungeon.
You visited 1 branch of the dungeon, and saw 4 of its levels.

You collected 140 gold pieces.

Inventory:

Hand Weapons
 a - a +0 mace (weapon)
Armour
 b - a +0 leather armour
 i - a +2 pair of gloves
 k - a +0 ring mail (worn)
 n - the +0 pair of fencer's gloves (worn) {Riposte Dex+3}
   (You found it on level 2 of the Dungeon)

   Riposte:   It allows the wearer to riposte with melee weapons, swiftly
   retaliating against missed or blocked melee attacks.
   Dex+3:     It affects your dexterity (+3).
Jewellery
 s - a +5 ring of evasion
Scrolls
 c - a scroll of poison {unknown}
 d - 3 scrolls of identify {unknown}
 f - a scroll of revelation {unknown}
 h - 3 scrolls of vulnerability {unknown}
 l - a scroll of teleportation {unknown}
 m - a scroll of fear {unknown}
 q - a scroll of noise {unknown}
 r - a scroll of blinking {unknown}
Potions
 e - a potion of curing {unknown}
 g - a potion of enlightenment {unknown}
 j - a potion of might {unknown}
 o - a potion of berserk rage {unknown}
 p - a potion of attraction {unknown}


   Skills:
 - Level 2.8 Fighting
 + Level 5.5 Maces & Flails
 - Level 1.8 Dodging
 - Level 2.2 Spellcasting
 - Level 3.0 Conjurations


You had 6 spell levels left.
You knew the following spells:

 Your Spells              Type           Power      Damage    Failure   Level
a - Kiss of Death         Conj/Necr      20%        2d7       16%         1

Your spell library contained the following spells:

 Spells                   Type           Power      Damage    Failure   Level
 Magic Dart               Conj           36%        1d4       9%          1
 Momentum Strike          Conj/Tloc      10%        3d8       22%         2
 Blink                    Tloc           2%         N/A       41%         2
 Call Imp                 Summ           2%         N/A       41%         2
 Hailstorm                Conj/Ice       5%         3d5       41%         3
 Summon Ice Beast         Ice/Summ       1%         N/A       65%         3
 Sculpt Simulacrum        Ice/Alch       0%         N/A       100%        6


Dungeon Overview and Level Annotations

Branches:
Dungeon (4/15)
 Temple: D:4-7

Altars:


Innate Abilities, Weirdness & Mutations

Your spellcasting is much less encumbered by armour.
You can use scrolls of enchantment on lesser artefacts.


Message History

You hit the bombardier beetle.
The bombardier beetle is severely wounded.
The liquid fire burns you!
The bombardier beetle bites you but does no damage.
You hit the bombardier beetle.
The bombardier beetle is almost dead.
The liquid fire burns you!
You are too injured to fight recklessly!
You are too injured to fight recklessly!
You are too injured to fight recklessly!
You are too injured to fight recklessly!
You are too injured to fight recklessly!
You are too injured to fight recklessly!
You are too injured to fight recklessly!
You are too injured to fight recklessly!
You are too injured to fight recklessly!
You are too injured to fight recklessly!
You are too injured to fight recklessly!
You are too injured to fight recklessly!
You are too injured to fight recklessly!
You are too injured to fight recklessly!
You are too injured to fight recklessly!
You closely miss the bombardier beetle.
The bombardier beetle is almost dead.
The liquid fire burns you!
The bombardier beetle sprays incendiary fluid at you.
The burning spray hits you.
You are even more covered in liquid fire!
You barely miss the bombardier beetle.
The bombardier beetle is severely wounded.
The liquid fire burns you!
* * * LOW HITPOINT WARNING * * *
The bombardier beetle misses you.
You hit the bombardier beetle.
You kill the bombardier beetle!
The liquid fire burns you!
* * * LOW HITPOINT WARNING * * *
You shake off some of the fire as you move.
The liquid fire burns you!
You die...

...# #. ....##
#.## ....# #.##
#....# #..##
..#..##..<# ###
#.##....###
#..##.###..##
####......##.##
.......@.....#
...........#...#
#.##.....####...#
......... .....#
...........
...#..#
.#..#....... ...#
..
#..##......##...
. ## ##...###
....


There were no monsters in sight!

Vanquished Creatures
  A bombardier beetle (D:4)
  Natasha (D:3)
  An adder (D:2)
  A ribbon worm (D:2)
  2 dart slugs
  2 orcs (D:3)
  5 ball pythons
  4 bats
  3 endoplasms
  3 giant cockroaches
  6 goblins
  7 hobgoblins
  3 jackals (D:3)
  4 quokkas
  2 frilled lizards (D:2)
  3 kobolds (D:1)
  2 rats
50 creatures vanquished.

Notes
Turn   | Place    | Note
-------+----------+-------------------------------------------
     0 | D:1      | Dordric the Mountain Dwarf Reaver began the quest for the
                  | Orb.
     0 | D:1      | Reached XP level 1. HP: 17/17 MP: 3/3
   155 | D:1      | Reached XP level 2. HP: 25/25 MP: 4/4
   688 | D:2      | Reached XP level 3. HP: 28/30 MP: 6/6
   712 | D:2      | Reached skill level 4 in Maces & Flails
   920 | D:2      | Found the +0 pair of fencer's gloves {Riposte Dex+3}
  1357 | D:3      | Identified the +3 ring mail of the Sailor {rF- Int+3}
  1690 | D:3      | Reached XP level 4. HP: 21/37 MP: 7/7
  2179 | D:3      | Noticed Natasha
  2184 | D:3      | Killed Natasha
  2192 | D:3      | Reached skill level 5 in Maces & Flails
  2506 | D:4      | Incinerated by a bombardier beetle

Illustrated notes

Levels and vault maps discovered:
D:1:      amcnicky_arrival_single_pillar, layout_basic, minivault_25
D:2:      layout_rooms
D:3:      layout_basic, nrook_uturn, uniq_natasha
D:4:      layout_layer_cave, mainiacjoe_overflow_24_doors,
          mainiacjoe_overflow_alcove_1, uniq_ijyb

Skill      XL: |  1  2  3  4 |
---------------+-------------+-----
Spellcasting   | 2 |  2.2
Maces & Flails | 4 5 |  5.5
Conjurations   | 3 |  3.0
Fighting       | |  2.8
Dodging        | |  1.8

Action                     |  1- 3 |  4- 6 || total
---------------------------+-------+-------++-------
  Melee: Mace              |   168 |    24 ||   192
 Armour: Leather armour    |    85 |       ||    85
         Ring mail         |    59 |    12 ||    71
  Dodge: Dodged            |   130 |    13 ||   143
Riposte: Mace              |    11 |     5 ||    16

Table legend: (Time is in decaauts)
 A = Elapsed time spent in this place.
 B = Non-inter-level travel time spent in this place.
 C = Inter-level travel time spent in this place.
 D = Time resting spent in this place.
 E = Time spent auto-exploring this place.
 F = Levels seen in this place.
 G = Mean time per level.
                   A        B        C        D        E       F      G
               +--------+--------+--------+--------+--------+-----+--------+
         Total |   2543 |   2445 |     98 |      0 |   2026 |   4 |  635.8 |
       Dungeon |   2543 |   2445 |     98 |      0 |   2026 |   4 |  635.8 |
               +--------+--------+--------+--------+--------+-----+--------+

Top non-repeatable levels by time:
     D:3: 1164 daAuts
     D:1: 691 daAuts
     D:2: 665 daAuts
     D:4: 21 daAuts
